← All builds
Suicide front / Armada / Factory first / OBSERVED BUILD

Standard suicide front

The role's default: factory first (mostly Bot Lab), pushing Rocketeer-led bot play into the middle to contest and hold the front, with an Advanced Metal Extractor around 9:36 as the natural transition.

Usually lab first (63%)

#raid #push · 1289 distinct matches · 127 players · 71% of Armada Suicide front games · team won 59% of 1527 · Recently observed

HOW TO PLAY IT

Key timing: Bot Lab by 0:20

  1. Open with mex and wind, drop Bot Lab immediately.
  2. Push out first "Centurion" as Pond's boost lands.
  3. Send "Rocketeer", "Centurion", "Pawn" mix to contest middle.
  4. Add Dragon's Teeth and Sentries to hold the line.
  5. Get Advanced Metal Extractor up as T2 nears.

Phase by phase

TYPICAL OF ITS 1289 GAMES
  1. 1
  2. 2
  3. 3
PLAY THE OPENING

Follow the example game's first 6:00 step by step: what to build now, what comes next, and where it goes. At 1× it keeps pace with your own game.

  1. 1

    Bot Lab first

    Order
    1. Bot LabBot Lab done ~0:20, middle half 0:20–0:33

    Some games also: mex (36%)

  2. 2

    Bot Lab to 5:00

    Economy
    • Metal Extractor5Mex
    • Wind Turbine4Wind
    Builders
    • Construction Bot3 Con bot
    • Lazarus2 Lazarus
    Army
    • Sentry4 Sentry
    • Rocketeer17 Rocketeer
    • Tick2 Tick
    • Centurion1 Centurion
    Other
    • Radar Tower1 Radar Tower

    Some games also: con turret (35%) · pawn (32%)

    By 5:00 in all: 5 mex · 4 wind

    The example game in this phase · 42 steps
    1. Mex
    2. LazarusLazarus
    3. Construction BotCon bot ×2
    4. SentrySentry
    5. Construction BotCon bot
    6. Mex ×2
    7. LazarusLazarus
    8. SentrySentry
    9. CenturionCenturion
    10. Mex ×2
    11. TickTick
    12. RocketeerRocketeer
    13. Wind
    14. SentrySentry
    15. RocketeerRocketeer
    16. Mex
    17. RocketeerRocketeer
    18. Wind
    19. SentrySentry
    20. RocketeerRocketeer
    21. SentrySentry
    22. RocketeerRocketeer
    23. Wind
    24. SentrySentry
    25. TickTick
    26. SentrySentry
    27. RocketeerRocketeer
    28. SentrySentry
    29. Wind
    30. SentrySentry
    31. RocketeerRocketeer
    32. SentrySentry
    33. RocketeerRocketeer ×2
    34. SentrySentry
    35. RocketeerRocketeer
    36. TickTick
    37. CenturionCenturion
    38. RocketeerRocketeer ×2
    39. SentrySentry ×2
    40. RocketeerRocketeer
    41. SentrySentry ×2
    42. RocketeerRocketeer ×8
  3. 3

    5:00 to 10:00

    Economy
    • Metal Extractor1Mex
    • Wind Turbine17Wind
    Builders
    • Construction Turret2 Con turret
    • Lazarus2 Lazarus
    • Construction Bot1 Con bot
    Army
    • Sentry1 Sentry
    • Rocketeer8 Rocketeer
    • Pawn1 Pawn

    Some games also: tick (47%) · energy storage (46%) · Radar Tower (46%) · centurion (45%) · Beamer (39%)

    By 10:00 in all: 6 mex · 23 wind · 1 energy storage · 3 con turret

    The example game in this phase · 153 steps
    1. Construction BotCon bot
    2. LazarusLazarus ×3
    3. Construction BotCon bot ×3
    4. RocketeerRocketeer ×4
    5. Wind
    6. RocketeerRocketeer ×2
    7. Wind
    8. RocketeerRocketeer ×2
    9. Wind
    10. RocketeerRocketeer
    11. Con turret
    12. Wind
    13. Metal storage
    14. RocketeerRocketeer
    15. Wind
    16. Converter
    17. GuardGuard
    18. Wind
    19. GuardGuard
    20. Wind
    21. Con turret
    22. GuardGuard
    23. Wind
    24. Con turret
    25. Converter
    26. GuardGuard
    27. Con turret
    28. Wind
    29. Advanced solar
    30. Wind
    31. PawnPawn
    32. Wind
    33. Advanced solar
    34. PawnPawn
    35. Converter
    36. Wind
    37. PawnPawn
    38. Advanced solar
    39. PawnPawn
    40. Con turret
    41. PawnPawn
    42. Wind
    43. Advanced solar
    44. PawnPawn
    45. Converter
    46. Wind
    47. Con turret
    48. Mex
    49. Advanced solar
    50. PawnPawn
    51. Wind
    52. Advanced solar
    53. PawnPawn
    54. Energy storage
    55. Wind
    56. PawnPawn ×2
    57. Wind
    58. PawnPawn
    59. Converter
    60. Wind
    61. PawnPawn ×2
    62. Con turret
    63. PawnPawn ×3
    64. Wind
    65. Advanced Metal ExtractorT2 mexdone 9:55 · typical 9:36
    66. PawnPawn
    67. Advanced Metal ExtractorT2 mex
    68. Wind
    69. Advanced Metal ExtractorT2 mex
    70. Sneaky PeteSneaky Pete
    71. Wind
    72. Converter
    73. Wind ×2
    74. Advanced Metal ExtractorT2 mex
    75. Wind ×3
    76. Converter
    77. Wind ×2
    78. Advanced Bot LabAdvanced Bot Labdone 11:17
    79. Wind ×2
    80. Advanced Metal ExtractorT2 mex
    81. Wind ×2
    82. Converter
    83. Wind ×2
    84. WelderWelder
    85. Fortification WallFortification Wall ×2
    86. Wind
    87. WelderWelder
    88. Wind
    89. Fortification WallFortification Wall
    90. WelderWelder
    91. Wind ×2
    92. Converter
    93. WelderWelder ×2
    94. Wind ×2
    95. BeamerBeamer
    96. WelderWelder
    97. Wind
    98. WelderWelder
    99. BeamerBeamer
    100. WelderWelder
    101. Wind ×2
    102. WelderWelder
    103. Converter
    104. Wind ×2
    105. WelderWelder ×2
    106. Wind ×2
    107. Pit BullPit Bull
    108. WelderWelder
    109. Wind
    110. WelderWelder
    111. Wind
    112. Converter
    113. BeamerBeamer
    114. Wind ×2
    115. WelderWelder
    116. Wind ×2
    117. Advanced Metal ExtractorT2 mex
    118. WelderWelder
    119. Wind ×2
    120. WelderWelder
    121. Converter
    122. WelderWelder
    123. Wind ×2
    124. WelderWelder
    125. Wind
    126. ButlerButler
    127. Wind
    128. ButlerButler ×2
    129. Wind
    130. WelderWelder
    131. Wind
    132. Converter
    133. RattlesnakeRattlesnakedone 14:59
    134. WelderWelder
    135. Wind
    136. WelderWelder
    137. Wind ×2
    138. WelderWelder ×2
    139. Wind ×2
    140. WelderWelder
    141. Con turret
    142. Converter
    143. WelderWelder
    144. Wind ×2
    145. WelderWelder
    146. Con turret
    147. Wind
    148. WelderWelder
    149. Wind
    150. Con turret
    151. WelderWelder
    152. Wind ×2
    153. WelderWelder

Counts are medians over the build's games: half of them build more, half fewer. The example game is Erilium's (45 OS, 27/09/2026); pick another.

Team trades

IN AT LEAST 30% OF ITS GAMES

You hand over

Nothing regular.

You get

  • Tidal Generator4 Tidal from Pondfirst at 0:10 · in 69% of games
  • Advanced Construction Bot1 T2 con bot from Geo or Techfirst at 7:31 · in 59% of games

How it plays out

Typical game of this build, running totals by minute

Metal produced

010k20k30k
0:005:0010:0015:00

metal

Enemy metal destroyed

05k10k
0:005:0010:0015:00

metal

Own metal lost

05k10k
0:005:0010:0015:00

metal

1527 games.

Show as table
ByMetal produced: This buildEnemy metal destroyed: This buildOwn metal lost: This build
1:0022600
2:0088800
3:002050179106
4:003161658496
5:00424314121026
6:00543322971789
7:00667031752710
8:00792040293619
9:00931747894495
10:001069754225316
11:001226558996054
12:001411464906830
13:001623070097536
14:001811476808373
15:002046683169249
WHAT THE NUMBERS SAY

Standard suicide front play wins slightly more than half its games with fast kills but also fast losses, matching the raw grind of the role.

  • + First kill lands by 2:04 in all games
  • + Metal produced reaches 19882 by 15:00
  • − Own metal lost hits 9208 by 15:00, near metal destroyed of 8172
  • − First unit lost as early as 2:08 in every game
THE EXAMPLE YOU ARE READING

Erilium

45.2 OS · 27/09/2026

Open source match ↗

7 received units · includes a constructor
487 metal received · 21131 energy received

Allied construction assistance is unknown. Timings are observations, not a promise of solo reproducibility.

Typical milestones

Bot Lab0:20Middle 50%: 0:20–0:33 · n=1520
Advanced Metal Extractor9:36Middle 50%: 8:41–10:48 · n=1126

Played most by

_X_253games of this buildPlatinumBlonde181games of this buildXad120games of this buildImmort73games of this buildwatermeloans58games of this build